 Dungeon Crawl Stone Soup version 0.25.1-2-g60ff931df9 (webtiles) character file.

Game seed: 6012636175050541012

595 gbos the Cleaver (level 7, -1/62 HPs)
             Began as a Naga Fighter on Nov 18, 2020.
             Killed from afar by Dowan (19 damage)
             ... with a shard of ice
             ... on level 4 of the Dungeon.
             The game lasted 00:01:18 (3968 turns).

gbos the Cleaver (Naga Fighter)                     Turns: 3968, Time: 00:01:19

Health: -1/62      AC: 10    Str: 20      XL:     7   Next: 40%
Magic:  7/7        EV:  2    Int:  9      God:
Gold:   172        SH:  8    Dex:  9 (12) Spells: 6/6 levels left

rFire    . . .     SeeInvis +   Y - +1 war axe
rCold    . . .     Gourm    .   c - +0 kite shield
rNeg     . . .     Faith    .   n - +3 chain mail
rPois    +         Spirit   .   (no helmet)
rElec    .         Reflect  .   u - +0 cloak
rCorr    .         Harm     .   (no gloves)
MR       .....                  (no barding)
Stlth    ..........             (no amulet)
HPRegen  0.00/turn              (no ring)
MPRegen  0.10/turn              (no ring)

@: drained, very slow
A: large, thin skeletal structure 1, see invisible, deformed body, poison
resistance, slowness 2, inhibited regeneration, slow metabolism 1, spit poison
1, AC +2
a: Spit Poison


You were on level 4 of the Dungeon.
You were not hungry.

You visited 1 branch of the dungeon, and saw 4 of its levels.

You collected 172 gold pieces.


Innate Abilities, Weirdness & Mutations

You cannot wear boots.
Your serpentine skin is tough. (AC +2)
You have supernaturally acute eyesight. (SInv)
Armour fits poorly on your strangely shaped body.
Your system is resistant to poisons. (rPois)
You cover ground very slowly.
You have a slow metabolism.
You can spit poison.
You have a somewhat thin skeletal structure. (Dex +2, Stealth)
You do not regenerate when monsters are visible.


   Skills:
 + Level 3.0(2.2) Fighting
 - Level 8.0(7.0) Axes
 - Level 2.4(1.5) Armour
 - Level 2.4(1.5) Shields


You had 6 spell levels left.
You didn't know any spells.
Your spell library was empty.

Inventory:

Hand Weapons
 f - a +0 flail
 p - a +0 mace of pain
 Y - a +1 war axe (weapon)
Armour
 c - a +0 kite shield (worn)
 n - a +3 chain mail (worn)
 u - a +0 cloak (worn)
Jewellery
 a - an uncursed amulet of guardian spirit {unknown}
Wands
 t - a wand of random effects (7)
Scrolls
 h - a scroll of teleportation
 q - a scroll of identify
Potions
 d - a potion of might
 g - a potion of curing
 l - a potion of invisibility {unknown}
 m - a potion of haste {unknown}
Comestibles
 e - 8 rations

Dungeon Overview and Level Annotations

Branches:
Dungeon (4/15)
 Temple: D:4-7

Altars:
Elyvilon

Annotations:
D:4 Dowan


Message History

You block Dowan's attack.
Found 19 stones and a wand of random effects (19).
Your shield and chain mail prevent you from hitting Dowan.
Dowan is heavily wounded.
You hit the rat.
Dowan casts a spell.
Dowan blinks!
The rat bites you but does no damage.
You barely miss the rat.
Dowan shakes with grief.
You block the rat's attack.
You closely miss the rat. You block the rat's attack.
Dowan points at you and mumbles some strange words.
The stone arrow hits you! The rat bites you but does no damage.
You hit Dowan but do no damage.
Dowan is heavily wounded.
Your shield and chain mail prevent you from hitting the rat.
Dowan gestures at you while chanting. The shard of ice hits you!!
You die...

....... ......./. .##
#..... ......... ...#
##.... .#......###....
#. #....
.........#.....
#.##....
.(...........##.#.....
.w..................
#re.......#...##>..
##@.####..#....##..
#.....#...........#
#.).#....###......#
##..#....#.#..##.##
##..##........###
##.......#.<....#
#........####..##
#.##..#.## ####
#########


You could see Dowan (fast), a worm and a rat.

Vanquished Creatures
  Duvessa (D:4)
  2 phantoms (D:4)
  An orc wizard (D:3)
  An iguana (D:4)
  6 adders
  8 gnolls
  An ooze (D:2)
  6 worms
  2 dart slugs
  4 leopard geckos
  12 orcs (D:3)
  4 giant cockroaches
  12 goblins
  5 hobgoblins
  6 jackals (D:1)
  12 kobolds
  8 bats
  4 frilled lizards
  10 rats
105 creatures vanquished.

Notes
Turn   | Place    | Note
-------+----------+-------------------------------------------
     0 | D:1      | gbos the Naga Fighter began the quest for the Orb.
     0 | D:1      | Reached XP level 1. HP: 21/21 MP: 1/1
     0 | D:1      | 0 ||| counter = 203
    16 | D:1      | 16 ||| INVOKING Spit Poison.
    27 | D:1      | 27 ||| INVOKING Spit Poison.
   152 | D:1      | 152 ||| INVOKING Spit Poison.
   159 | D:1      | 159 ||| INVOKING Spit Poison.
   163 | D:1      | 163 ||| INVOKING Spit Poison.
   169 | D:1      | 169 ||| INVOKING Spit Poison.
   172 | D:1      | 172 ||| INVOKING Spit Poison.
   178 | D:1      | HP: 2/21 [gnoll/+0 flail (9)]
   179 | D:1      | Reached skill level 3 in Axes
   179 | D:1      | Reached XP level 2. HP: 3/28 MP: 2/2
   465 | D:1      | 465 ||| INVOKING Spit Poison.
   476 | D:1      | 476 ||| Stepping ~*~*~tactically~*~*~ (hiding).
   477 | D:1      | 477 ||| Waiting for ranged monster.
   478 | D:1      | 478 ||| Stepping ~*~*~tactically~*~*~ (hiding).
   479 | D:1      | 479 ||| Stepping ~*~*~tactically~*~*~ (stealth).
   480 | D:1      | 480 ||| Stepping ~*~*~tactically~*~*~ (hiding).
   488 | D:1      | 488 ||| Waiting for ranged monster.
   560 | D:1      | 560 ||| INVOKING Spit Poison.
   611 | D:1      | 611 ||| Stepping ~*~*~tactically~*~*~ (stealth).
   613 | D:1      | 613 ||| INVOKING Spit Poison.
   622 | D:1      | 622 ||| INVOKING Spit Poison.
   624 | D:1      | Reached XP level 3. HP: 33/34 MP: 3/3
   684 | D:1      | 684 ||| INVOKING Spit Poison.
   685 | D:1      | 685 ||| Stepping ~*~*~tactically~*~*~ (stealth).
   686 | D:1      | 686 ||| Stepping ~*~*~tactically~*~*~ (stealth).
   689 | D:1      | 689 ||| Stepping ~*~*~tactically~*~*~ (stealth).
   831 | D:1      | 831 ||| INVOKING Spit Poison.
   852 | D:1      | 852 ||| INVOKING Spit Poison.
   981 | D:1      | 981 ||| INVOKING Spit Poison.
   982 | D:1      | 982 ||| INVOKING Spit Poison.
  1124 | D:1      | 1124 ||| READING scroll labeled BUEFER UKLUOMICI.
  1125 | D:1      | 1125 ||| READING scroll labeled SIDDUE IRHO.
  1126 | D:1      | 1126 ||| READING scroll labeled COISES POGOFO.
  1166 | D:2      | 1166 ||| INVOKING Spit Poison.
  1167 | D:2      | 1167 ||| INVOKING Spit Poison.
  1188 | D:2      | 1188 ||| INVOKING Spit Poison.
  1189 | D:2      | 1189 ||| INVOKING Spit Poison.
  1192 | D:2      | 1192 ||| Stepping ~*~*~tactically~*~*~ (stealth).
  1193 | D:2      | 1193 ||| Stepping ~*~*~tactically~*~*~ (stealth).
  1194 | D:2      | 1194 ||| INVOKING Spit Poison.
  1197 | D:2      | 1197 ||| INVOKING Spit Poison.
  1206 | D:2      | Reached skill level 4 in Axes
  1304 | D:2      | 1304 ||| INVOKING Spit Poison.
  1308 | D:2      | 1308 ||| Stepping ~*~*~tactically~*~*~ (stealth).
  1309 | D:2      | 1309 ||| INVOKING Spit Poison.
  1312 | D:2      | Reached XP level 4. HP: 41/42 MP: 4/4
  1316 | D:2      | 1316 ||| Stepping ~*~*~tactically~*~*~ (hiding).
  1317 | D:2      | 1317 ||| Waiting for ranged monster.
  1318 | D:2      | 1318 ||| Stepping ~*~*~tactically~*~*~ (hiding).
  1320 | D:2      | 1320 ||| INVOKING Spit Poison.
  1321 | D:2      | 1321 ||| Waiting for ranged monster.
  1343 | D:2      | 1343 ||| INVOKING Spit Poison.
  1358 | D:2      | 1358 ||| Stepping ~*~*~tactically~*~*~ (stealth).
  1359 | D:2      | 1359 ||| Stepping ~*~*~tactically~*~*~ (stealth).
  1360 | D:2      | 1360 ||| Stepping ~*~*~tactically~*~*~ (stealth).
  1361 | D:2      | 1361 ||| INVOKING Spit Poison.
  1393 | D:2      | 1393 ||| INVOKING Spit Poison.
  1394 | D:2      | 1394 ||| INVOKING Spit Poison.
  1404 | D:2      | 1404 ||| Stepping ~*~*~tactically~*~*~ (stealth).
  1405 | D:2      | 1405 ||| INVOKING Spit Poison.
  1406 | D:2      | 1406 ||| INVOKING Spit Poison.
  1536 | D:2      | Found a white marble altar of Elyvilon.
  1598 | D:2      | 1598 ||| INVOKING Spit Poison.
  1699 | D:2      | 1699 ||| Stepping ~*~*~tactically~*~*~ (stealth).
  1700 | D:2      | 1700 ||| INVOKING Spit Poison.
  1702 | D:2      | 1702 ||| Stepping ~*~*~tactically~*~*~ (stealth).
  1703 | D:2      | 1703 ||| Stepping ~*~*~tactically~*~*~ (stealth).
  1704 | D:2      | 1704 ||| Stepping ~*~*~tactically~*~*~ (stealth).
  1705 | D:2      | 1705 ||| INVOKING Spit Poison.
  1710 | D:2      | 1710 ||| Stepping ~*~*~tactically~*~*~ (stealth).
  1711 | D:2      | 1711 ||| INVOKING Spit Poison.
  1715 | D:2      | 1715 ||| INVOKING Spit Poison.
  1715 | D:2      | Reached skill level 5 in Axes
  1715 | D:2      | Reached XP level 5. HP: 49/49 MP: 5/5
  1752 | D:2      | 1752 ||| Stepping ~*~*~tactically~*~*~ (stealth).
  1782 | D:2      | 1782 ||| Stepping ~*~*~tactically~*~*~ (stealth).
  1799 | D:2      | 1799 ||| INVOKING Spit Poison.
  1970 | D:2      | 1970 ||| INVOKING Spit Poison.
  1971 | D:2      | 1971 ||| INVOKING Spit Poison.
  1974 | D:2      | 1974 ||| INVOKING Spit Poison.
  2091 | D:2      | 2091 ||| UPGRADING to shiny chain mail.
  2101 | D:2      | 2101 ||| DROPPING +0 scale mail.
  2102 | D:2      | 2102 ||| READING scroll labeled ONIRPH WIVARA.
  2103 | D:2      | 2103 ||| READING scroll labeled OGYALL WEUH.
  2107 | D:2      | 2107 ||| READING 2 scrolls of identify.
  2107 | D:2      | 2107 ||| IDENTIFYING tubular brass ring
  2108 | D:2      | 2108 ||| DROPPING ring of flight.
  2186 | D:3      | 2186 ||| INVOKING Spit Poison.
  2207 | D:3      | 2207 ||| INVOKING Spit Poison.
  2214 | D:3      | 2214 ||| Stepping ~*~*~tactically~*~*~ (stealth).
  2215 | D:3      | 2215 ||| Stepping ~*~*~tactically~*~*~ (stealth).
  2218 | D:3      | 2218 ||| Stepping ~*~*~tactically~*~*~ (stealth).
  2220 | D:3      | 2220 ||| Stepping ~*~*~tactically~*~*~ (stealth).
  2221 | D:3      | 2221 ||| Stepping ~*~*~tactically~*~*~ (stealth).
  2222 | D:3      | 2222 ||| Stepping ~*~*~tactically~*~*~ (stealth).
  2223 | D:3      | 2223 ||| INVOKING Spit Poison.
  2273 | D:3      | 2273 ||| INVOKING Spit Poison.
  2314 | D:3      | 2314 ||| Stepping ~*~*~tactically~*~*~ (stealth).
  2315 | D:3      | 2315 ||| Stepping ~*~*~tactically~*~*~ (stealth).
  2354 | D:3      | 2354 ||| INVOKING Spit Poison.
  2376 | D:3      | 2376 ||| INVOKING Spit Poison.
  2377 | D:3      | 2377 ||| Stepping ~*~*~tactically~*~*~ (stealth).
  2378 | D:3      | 2378 ||| Stepping ~*~*~tactically~*~*~ (stealth).
  2379 | D:3      | 2379 ||| Stepping ~*~*~tactically~*~*~ (stealth).
  2392 | D:3      | 2392 ||| Stepping ~*~*~tactically~*~*~ (stealth).
  2393 | D:3      | 2393 ||| Stepping ~*~*~tactically~*~*~ (stealth).
  2394 | D:3      | 2394 ||| Stepping ~*~*~tactically~*~*~ (stealth).
  2396 | D:3      | 2396 ||| Stepping ~*~*~tactically~*~*~ (stealth).
  2397 | D:3      | 2397 ||| Stepping ~*~*~tactically~*~*~ (stealth).
  2400 | D:3      | 2400 ||| Stepping ~*~*~tactically~*~*~ (stealth).
  2401 | D:3      | 2401 ||| Stepping ~*~*~tactically~*~*~ (stealth).
  2429 | D:3      | 2429 ||| Stepping ~*~*~tactically~*~*~ (stealth).
  2432 | D:3      | 2432 ||| INVOKING Spit Poison.
  2455 | D:3      | 2455 ||| INVOKING Spit Poison.
  2456 | D:3      | 2456 ||| INVOKING Spit Poison.
  2460 | D:3      | 2460 ||| Stepping ~*~*~tactically~*~*~ (stealth).
  2463 | D:3      | 2463 ||| INVOKING Spit Poison.
  2470 | D:3      | 2470 ||| INVOKING Spit Poison.
  2475 | D:3      | 2475 ||| Stepping ~*~*~tactically~*~*~ (stealth).
  2476 | D:3      | 2476 ||| INVOKING Spit Poison.
  2480 | D:3      | 2480 ||| Stepping ~*~*~tactically~*~*~ (hiding).
  2481 | D:3      | 2481 ||| Waiting for ranged monster.
  2482 | D:3      | 2482 ||| INVOKING Spit Poison.
  2493 | D:3      | 2493 ||| Stepping ~*~*~tactically~*~*~ (hiding).
  2494 | D:3      | 2494 ||| Waiting for ranged monster.
  2509 | D:3      | Reached skill level 6 in Axes
  2569 | D:3      | 2569 ||| Stepping ~*~*~tactically~*~*~ (stealth).
  2573 | D:3      | 2573 ||| INVOKING Spit Poison.
  2573 | D:3      | Reached XP level 6. HP: 46/56 MP: 6/6
  2640 | D:3      | 2640 ||| Stepping ~*~*~tactically~*~*~ (stealth).
  2643 | D:3      | 2643 ||| INVOKING Spit Poison.
  2706 | D:3      | 2706 ||| INVOKING Spit Poison.
  2709 | D:3      | 2709 ||| Stepping ~*~*~tactically~*~*~ (stealth).
  2710 | D:3      | 2710 ||| Stepping ~*~*~tactically~*~*~ (stealth).
  2712 | D:3      | 2712 ||| INVOKING Spit Poison.
  2713 | D:3      | 2713 ||| INVOKING Spit Poison.
  2732 | D:3      | 2732 ||| INVOKING Spit Poison.
  2763 | D:3      | 2763 ||| Stepping ~*~*~tactically~*~*~ (stealth).
  2765 | D:3      | 2765 ||| INVOKING Spit Poison.
  2766 | D:3      | 2766 ||| INVOKING Spit Poison.
  2817 | D:3      | 2817 ||| INVOKING Spit Poison.
  2818 | D:3      | 2818 ||| INVOKING Spit Poison.
  2838 | D:3      | 2838 ||| INVOKING Spit Poison.
  2864 | D:3      | 2864 ||| INVOKING Spit Poison.
  2917 | D:3      | 2917 ||| INVOKING Spit Poison.
  2934 | D:3      | 2934 ||| Stepping ~*~*~tactically~*~*~ (stealth).
  2935 | D:3      | 2935 ||| INVOKING Spit Poison.
  2940 | D:3      | 2940 ||| INVOKING Spit Poison.
  2984 | D:3      | 2984 ||| FLEEEEING.
  2985 | D:3      | 2985 ||| FLEEEEING.
  2986 | D:3      | 2986 ||| FLEEEEING.
  2987 | D:3      | 2987 ||| FLEEEEING.
  2988 | D:3      | 2988 ||| FLEEEEING.
  2989 | D:3      | 2989 ||| FLEEEEING.
  2990 | D:3      | 2990 ||| FLEEEEING.
  2991 | D:3      | 2991 ||| FLEEEEING.
  2992 | D:3      | 2992 ||| FLEEEEING.
  2993 | D:3      | 2993 ||| FLEEEEING.
  2994 | D:3      | 2994 ||| FLEEEEING.
  2995 | D:3      | 2995 ||| FLEEEEING.
  2996 | D:3      | 2996 ||| STILL FLEEEEING.
  2997 | D:3      | 2997 ||| FLEEEEING.
  2998 | D:3      | 2998 ||| FLEEEEING.
  2999 | D:3      | 2999 ||| FLEEEEING.
  3000 | D:3      | 3000 ||| FLEEEEING.
  3001 | D:3      | 3001 ||| FLEEEEING.
  3002 | D:3      | 3002 ||| FLEEEEING.
  3003 | D:3      | 3003 ||| FLEEEEING.
  3004 | D:3      | 3004 ||| FLEEEEING.
  3005 | D:3      | 3005 ||| FLEEEEING.
  3006 | D:3      | 3006 ||| FLEEEEING.
  3007 | D:3      | 3007 ||| FLEEEEING.
  3008 | D:3      | 3008 ||| FLEEEEING.
  3009 | D:3      | 3009 ||| FLEEEEING.
  3010 | D:3      | 3010 ||| STILL FLEEEEING.
  3011 | D:3      | 3011 ||| STILL FLEEEEING.
  3012 | D:3      | 3012 ||| STILL FLEEEEING.
  3013 | D:3      | 3013 ||| FLEEEEING.
  3014 | D:3      | 3014 ||| STILL FLEEEEING.
  3015 | D:3      | 3015 ||| FLEEEEING.
  3016 | D:3      | 3016 ||| STILL FLEEEEING.
  3017 | D:3      | 3017 ||| FLEEEEING.
  3018 | D:3      | 3018 ||| STILL FLEEEEING.
  3019 | D:3      | 3019 ||| STILL FLEEEEING.
  3026 | D:3      | 3026 ||| FLEEEEING.
  3027 | D:3      | 3027 ||| FLEEEEING.
  3028 | D:3      | 3028 ||| STAIRDANCE
  3062 | D:2      | 3062 ||| UPGRADING to runed scarf.
  3067 | D:2      | 3067 ||| UPGRADING to cloak.
  3077 | D:2      | 3077 ||| DROPPING scarf of harm.
  3078 | D:2      | 3078 ||| READING scroll labeled CUODUKKECA.
  3079 | D:2      | 3079 ||| READING scroll labeled VIEKKI ZAPHI.
  3080 | D:2      | 3080 ||| DRINKING 2 bubbling cyan potions.
  3080 | D:2      | Gained mutation: You are frail. (-10% HP) [potion of
                  | mutation]
  3080 | D:2      | Gained mutation: You have a pair of small horns on your
                  | head. [potion of mutation]
  3080 | D:2      | Gained mutation: You are clumsy. (Dex -2) [potion of
                  | mutation]
  3080 | D:2      | Lost mutation: You are clumsy. (Dex -2) [potion of
                  | mutation]
  3081 | D:2      | 3081 ||| DRINKING potion of mutation.
  3081 | D:2      | Lost mutation: You are frail. (-10% HP) [potion of
                  | mutation]
  3081 | D:2      | Lost mutation: You have a pair of small horns on your head.
                  | [potion of mutation]
  3081 | D:2      | Gained mutation: You do not regenerate when monsters are
                  | visible. [potion of mutation]
  3081 | D:2      | Gained mutation: You have a somewhat thin skeletal
                  | structure. (Dex +2, Stealth) [potion of mutation]
  3112 | D:2      | 3112 ||| DRINKING 2 fizzy coppery potions.
  3113 | D:2      | 3113 ||| READING 3 scrolls of identify.
  3113 | D:2      | 3113 ||| IDENTIFYING amethyst potion
  3114 | D:2      | 3114 ||| READING 2 scrolls of identify.
  3114 | D:2      | 3114 ||| IDENTIFYING glowing black potion
  3115 | D:2      | 3115 ||| DROPPING potion of ambrosia.
  3116 | D:2      | 3116 ||| DROPPING potion of magic.
  3117 | D:2      | 3117 ||| DROPPING potion of degeneration.
  3124 | D:3      | 3124 ||| STAIRDANCE
  3315 | D:3      | 3315 ||| Stepping ~*~*~tactically~*~*~ (hiding).
  3316 | D:3      | 3316 ||| Waiting for ranged monster.
  3324 | D:3      | 3324 ||| Waiting for ranged monster.
  3591 | D:3      | 3591 ||| EATING 9 rations.
  3617 | D:4      | Noticed a phantom
  3641 | D:4      | 3641 ||| FLEEEEING.
  3642 | D:4      | 3642 ||| FLEEEEING.
  3643 | D:4      | 3643 ||| FLEEEEING.
  3644 | D:4      | 3644 ||| STAIRDANCE
  3748 | D:4      | Killed a phantom
  3748 | D:4      | Reached skill level 7 in Axes
  3765 | D:4      | Noticed a phantom
  3790 | D:4      | Killed a phantom
  3790 | D:4      | Reached XP level 7. HP: 42/62 MP: 7/7
  3934 | D:4      | Noticed Duvessa
  3936 | D:4      | 3936 ||| Stepping ~*~*~tactically~*~*~ (hiding).
  3950 | D:4      | Noticed Dowan
  3954 | D:4      | Killed Duvessa
  3954 | D:4      | Reached skill level 8 in Axes
  3968 | D:4      | Killed from afar by Dowan

Levels and vault maps discovered:
D:1:      minmay_arrival_arboretum_large, layout_basic
D:2:      layout_basic, elyvilon_altar_3
D:3:      minmay_chambers_of_threes, layout_basic, minmay_misc_feat_enclosed
D:4:      layout_cave_pools, minmay_temple_entry_gardened_gates,
          ebering_ghost_disaster_area, lightli_sewer_entry_pipes,
          minmay_bisected, uniq_natasha, uniq_duvessa

Skill      XL: |  1  2  3  4  5  6  7 |
---------------+----------------------+-----
Axes           | 3 4 5 6 7 8 |  8.0
Fighting       | |  3.0
Armour         | |  2.4
Shields        | |  2.4

Action                   |  1- 3 |  4- 6 |  7- 9 || total
-------------------------+-------+-------+-------++-------
Melee: War axe           |    77 |   211 |    30 ||   318
 Abil: Spit Poison       |    20 |    36 |       ||    56
  Use: Scroll            |     3 |     7 |       ||    10
       Potion            |       |     3 |       ||     3
  Eat: Chunk             |     2 |     7 |       ||     9
       Ration            |       |     1 |       ||     1
Armor: Scale mail        |    36 |     4 |       ||    40
       Chain mail        |       |    80 |    19 ||    99
Dodge: Dodged            |    21 |    30 |     1 ||    52
Block: Kite shield       |    55 |    80 |    14 ||   149

Table legend:
 A = Non-vault XP
 B = Vault XP
 C = Vault XP percentage of total XP
 D = Non-vault monster count
 E = Vault monster count
 F = Vault count percentage of total count
                 A         B        C        D         E       F
            +---------+---------+-------+---------+---------+-------
      Total |     640 |     211 |  24.8 |      90 |      15 |  14.3
            +---------+---------+-------+---------+---------+-------
        D:1 |      59 |       0 |   0.0 |      29 |       0 |   0.0
        D:2 |     150 |       6 |   3.8 |      25 |       1 |   3.8
        D:3 |     149 |      29 |  16.3 |      33 |      11 |  25.0
        D:4 |     282 |     176 |  38.4 |       3 |       3 |  50.0
            +---------+---------+-------+---------+---------+-------
